 Dungeon Crawl Stone Soup version 0.28-a0-850-g09de17f5b5 (webtiles) character file.

Game seed: 17494419207403097115

12203 Crownlay the Cleaver (level 11, -1/99 HPs)
             Began as a Hill Orc Fighter on Nov 13, 2021.
             Was an Elder of Okawaru.
             Slain by a two-headed ogre simulacrum (26 damage)
             ... on level 12 of the Dungeon.
             The game lasted 00:25:04 (10315 turns).

Crownlay the Cleaver (Hill Orc Fighter)            Turns: 10315, Time: 00:25:04

Health: -1/99      AC: 15    Str: 26    XL:     11   Next: 89%
Magic:  18/18      EV: 10    Int: 12    God:    Okawaru [****..]
Gold:   480        SH:  6    Dex: 10    Spells: 10/10 levels left

rFire   . . .      SeeInvis .   I - +7 Singing Sword {vorpal, sonic wave}
rCold   . . .      Faith    .   c - +0 buckler
rNeg    . . .      Spirit   .   b - +0 scale mail
rPois   +          Reflect  .   L - +1 helmet
rElec   .          Harm     .   i - +2 cloak
rCorr   .          Rampage  .   S - +1 pair of gloves {Str+3}
Will    .....                   q - +0 pair of boots {Fly}
Stlth   ..........              k - amulet of regeneration
HPRegen 1.26/turn               a - ring of Acraydd {rPois Int+4 Slay+5}
MPRegen 0.16/turn               g - +4 ring of slaying

@: flying
A: no striking features
a: Renounce Religion, Heroism, Finesse


You were on level 12 of the Dungeon.
You worshipped Okawaru.
Okawaru was greatly pleased with you.
You visited 2 branches of the dungeon, and saw 13 of its levels.
You also visited: Sewer.

You collected 480 gold pieces.

Inventory:

Hand Weapons
 u - the +4 hand axe "Oqeu" {drain, rElec Int-5 Stlth+}
   (You found it on level 4 of the Dungeon)

   A truly terrible weapon, it drains the life of any living foe it strikes.
   Int:       It affects your intelligence (-5).
   rElec:     It insulates you from electricity.
   Stlth:     It makes you more stealthy.
 y - a +2 spear of venom
 I - the +7 Singing Sword (weapon) {vorpal, sonic wave}
   (You found it on level 8 of the Dungeon)

   It inflicts extra damage upon your enemies.
   It radiates damaging sonic waves as it strikes, especially in combat
   involving dangerous or numerous foes.
Missiles
 o - 8 boomerangs (quivered)
 z - 3 curare-tipped darts
 N - 6 silver javelins
Armour
 b - a +0 scale mail (worn)
 c - a +0 buckler (worn)
 i - a +2 cloak (worn)
 q - a +0 pair of boots of flying (worn)
 D - a +0 kite shield of poison resistance
 L - a +1 helmet (worn)
 S - a +1 pair of gloves of strength (worn)
Jewellery
 a - the ring of Acraydd (left hand) {rPois Int+4 Slay+5}
   (You acquired it on level 9 of the Dungeon)

   [ring of poison resistance]

   Int:       It affects your intelligence (+4).
   Slay:      It affects your accuracy & damage with ranged weapons and melee
   (+5).
   rPois:     It protects you from poison.
 g - a +4 ring of slaying (right hand)
 k - an amulet of regeneration (around neck)
Wands
 w - a wand of charming (10)
 H - a wand of acid (21)
 K - a wand of flame (8)
 Q - a wand of iceblast (12)
Scrolls
 e - 5 scrolls of blinking
 h - 3 scrolls of teleportation
 j - a scroll of vulnerability {unknown}
 n - a scroll of enchant weapon
 p - 2 scrolls of enchant armour
 v - 2 scrolls of amnesia
 A - 2 scrolls of fog
Potions
 d - 4 potions of might
 f - 3 potions of attraction {unknown}
 l - 3 potions of degeneration
 r - 2 potions of heal wounds {unknown}
 s - 4 potions of magic {unknown}
 t - 7 potions of curing
 x - 3 potions of ambrosia
 B - 4 potions of flight
 C - 5 potions of invisibility
 E - 4 potions of brilliance {unknown}
 F - 2 potions of cancellation
 G - 3 potions of haste {unknown}
 J - a potion of mutation {unknown}
 O - a potion of lignification {unknown}
 P - a potion of berserk rage {unknown}


   Skills:
 - Level 10.0 Fighting
 + Level 10.4 Long Blades
 - Level 11.0 Axes
 - Level 3.2 Armour
 * Level 10.0 Shields
 - Level 10.0 Invocations


You had 10 spell levels left.
You didn't know any spells.
Your spell library contained the following spells:

 Spells                   Type           Power      Damage    Failure   Level
 Slow                     Hex            0%         N/A       58%         1
 Blink                    Tloc           0%         N/A       75%         2
 Sublimation of Blood     Necr           0%         N/A       75%         2
 Ignite Poison            Fire/Tmut/Pois 0%         N/A       92%         3
 Mephitic Cloud           Conj/Pois/Air  0%         N/A       92%         3
 Flame Wave               Conj/Fire      0%         3d3       100%        4
 Petrify                  Tmut/Erth      0%         N/A       100%        4
 Sticky Flame             Conj/Fire      0%         2d3       100%        4
 Freezing Cloud           Conj/Ice/Air   0%         6-21      100%        5
 Irradiate                Conj/Tmut      0%         3d13      100%        5
 Manifold Assault         Tloc           0%         N/A       100%        5
 Storm Form               Tmut/Air       0%         N/A       100%        7
 Fire Storm               Conj/Fire      0%         5d1       100%        9


Dungeon Overview and Level Annotations

Branches:
Dungeon (12/15)            Temple (1/1) D:4            Lair (0/6) D:10
  Sewer (visited)
    Orc: D:9-12

Altars:
Ashenzari
Cheibriados
Dithmenos
Elyvilon
Fedhas
Gozag
Hepliaklqana
Kikubaaqudgha
Makhleb
Nemelex Xobeh
Okawaru
Qazlal
Ru
Sif Muna
Trog
Uskayaw
Vehumet
Wu Jian
Xom
Yredelemnul
Zin
The Shining One

Shops:
D:4 (   D:6 *   D:8 *

Portals:
Ice
Cave: D:12

Annotations:
D:6 2 transporters, Zgarb's ghost, weakling OpDe


Message History

The basilisk bites you but does no damage.
The meliai hits you with a +2 quarterstaff of distortion.
Space warps around you.
The meliai stings you but does no damage.
The two-headed ogre simulacrum hits you.
The two-headed ogre simulacrum freezes you!!
The two-headed ogre simulacrum hits you but does no damage.
The meliai completely misses you.
The meliai stings you but does no damage.
The basilisk bites you.
The cyclops hits you but does no damage.
The meliai hits you with a +2 quarterstaff of distortion.
Space warps around you.
The meliai stings you but does no damage.
The efreet hits you with a +2 scimitar of flaming!
The efreet burns you.
The meliai mumbles some strange prayers to its god against you.
Something smites you! The basilisk bites you!
The two-headed ogre simulacrum hits you but does no damage. x2
You hear the faint crackling of a melting archway.
The meliai hits you with a +2 quarterstaff of distortion.
Space warps around you.
The meliai stings you but does no damage.
The efreet hits you but does no damage. The cyclops hits you.
The meliai hits you but does no damage. Space warps around you.
The meliai stings you but does no damage.
The basilisk bites you.
* * * LOW HITPOINT WARNING * * *
You turn to flesh and can move again.
There is a frozen archway here.
As you read the scroll of fear, it crumbles to dust.
You assume a fearsome visage.
The basilisk looks frightened!
The cyclops looks frightened!
The efreet looks frightened!
The troll looks frightened!
The meliai looks frightened!
The two-headed ogre simulacrum is unaffected.
The two-headed ogre simulacrum hits you but does no damage.
The two-headed ogre simulacrum hits you.
* * * LOW HITPOINT WARNING * * *
The two-headed ogre simulacrum freezes you!!
You die...

......... .....#..
......# .....#
#######....# ..
...........# #.
...........# ###.
##+####.Z@..#
....####.......○lCy#
..............R....#
..............####.....
..............# T....
.....=...................
........#######..###.###.
........# .## ..
........# # ○##


You could see a cyclops (fleeing), a troll (fleeing), an efreet (fleeing), a
basilisk (fleeing), a meliai (fleeing) and a two-headed ogre simulacrum.

Vanquished Creatures
  A hydra (D:11)
  4 two-headed ogres
  Sonja (D:11)
  A cyclops (D:7)
  Joseph (D:8)
  A centaur zombie (D:10)
  Maurice (D:10)
  2 gargoyles
  A kobold demonologist (D:11)
  3 trolls
  3 shadows
  6 yaks
  A wraith (D:9)
  A steam dragon (D:6)
  3 vampire mosquitoes (D:12)
  2 acid dragons
  2 water moccasins (D:7)
  3 black bears
  2 sky beasts (D:6)
  5 orc warriors
  An ogre (D:6)
  2 centaurs
  A phantom (D:7)
  2 bullfrogs (D:8)
  4 kobold brigands
  A cane toad simulacrum (D:12)
  A scorpion (D:4)
  A gnoll sergeant (D:8)
  A water moccasin zombie (D:6)
  10 killer bees
  A howler monkey (D:9)
  6 orc priests
  2 jellies
  A centaur skeleton (D:7)
  6 hounds
  Terence (D:2)
  A scorpion zombie (D:3)
  8 orc wizards
  2 spriggan simulacra (D:12)
  A troll simulacrum (D:12)
  A polar bear simulacrum (D:12)
  A killer bee zombie (D:8)
  A mummy (D:4)
  3 gnolls (D:8)
  A howler monkey skeleton (D:6)
  15 adders
  2 naga simulacra (D:12)
  2 white imps
  3 ufetubi
  3 adder skeletons (D:4)
  3 worms
  A dart slug (D:1)
  20 orcs
  8 bats
  9 endoplasms
  6 giant cockroaches
  5 hobgoblins
  11 jackals
  25 kobolds
  2 quokkas
  6 ball pythons
  8 frilled lizards
  9 goblins
  A hobgoblin zombie (D:4)
  A kobold zombie (D:4)
  2 orc zombies (D:4)
  16 rats
262 creatures vanquished.

Vanquished Creatures (others)
  2 fungi (Sewer)
  9 plants (Sewer)
11 creatures vanquished.

Grand Total: 273 creatures vanquished

Notes
Turn   | Place    | Note
-------+----------+-------------------------------------------
     0 | D:1      | Crownlay the Hill Orc Fighter began the quest for the Orb.
     0 | D:1      | Reached XP level 1. HP: 19/19 MP: 1/1
   398 | D:1      | Reached skill level 3 in Axes
   419 | D:1      | Reached XP level 2. HP: 25/26 MP: 2/2
   718 | D:1      | Reached XP level 3. HP: 30/31 MP: 3/3
   845 | D:1      | Reached skill level 4 in Axes
  1048 | D:1      | Found a faded altar of an unknown god.
  1571 | D:2      | Reached XP level 4. HP: 37/39 MP: 4/4
  1597 | D:2      | Reached skill level 5 in Axes
  1640 | D:2      | Noticed Terence
  1666 | D:2      | Killed Terence
  1877 | D:2      | Found a white marble altar of Elyvilon.
  2053 | D:2      | Reached skill level 6 in Axes
  2189 | D:2      | Reached XP level 5. HP: 45/45 MP: 5/5
  2350 | D:3      | Reached skill level 7 in Axes
  2484 | D:3      | Reached XP level 6. HP: 51/51 MP: 6/6
  2885 | D:4      | Found Patoj's Weapon Shoppe.
  2892 | D:4      | Reached skill level 1 in Invocations
  2980 | D:4      | Reached skill level 8 in Axes
  2985 | D:4      | Identified the +4 hand axe "Oqeu" {drain, rElec Int-5
                  | Stlth+}
  3201 | D:4      | Found a staircase to the Ecumenical Temple.
  3215 | Temple   | Entered the Ecumenical Temple
  3416 | Temple   | Became a worshipper of Warmaster Okawaru
  3440 | D:4      | Reached XP level 7. HP: 57/57 MP: 9/9
  3599 | D:5      | Entered Level 5 of the Dungeon
  4300 | D:6      | Found Depek's Assorted Antiques.
  4312 | D:6      | Reached skill level 9 in Axes
  4312 | D:6      | Reached skill level 5 in Invocations
  4313 | D:6      | Found a transporter.
  4314 | D:6      | Noticed Zgarb's ghost (weakling OpDe)
  4315 | D:6      | Found a transporter.
  4355 | D:6      | Noticed a steam dragon
  4364 | D:6      | Killed a steam dragon
  4365 | D:6      | Reached XP level 8. HP: 42/64 MP: 12/12
  4367 | D:6      | Reached * piety under Okawaru
  4474 | D:6      | Reached skill level 10 in Axes
  4510 | D:6      | Found a glowing drain.
  4522 | Sewer    | Entered a sewer
  4947 | D:6      | You fall into a shaft and drop 2 floors!
  4970 | D:8      | Reached ** piety under Okawaru
  5001 | D:8      | Noticed a troll
  5017 | D:8      | Killed a troll
  5018 | D:8      | Reached skill level 11 in Axes
  5018 | D:8      | Reached skill level 10 in Invocations
  5018 | D:8      | Reached XP level 9. HP: 63/70 MP: 14/16
  5044 | D:8      | Found the +7 Singing Sword {vorpal, sonic wave}
  5046 | D:8      | Found Vuqures's General Store.
  5099 | D:8      | Noticed Joseph
  5115 | D:8      | Reached skill level 1 in Long Blades
  5120 | D:7      | Reached skill level 5 in Fighting
  5163 | D:8      | Killed Joseph
  5163 | D:8      | Reached *** piety under Okawaru
  5166 | D:8      | You fall into a shaft and drop 3 floors!
  5178 | D:10     | Entered Level 10 of the Dungeon
  5184 | D:10     | Identified the +0 falchion "Ducawkij" {speed, rF+ Str+3
                  | Dex+2}
  5397 | D:10     | Reached skill level 5 in Long Blades
  5397 | D:10     | Reached XP level 10. HP: 88/88 MP: 17/17
  5537 | D:9      | Reached **** piety under Okawaru
  6292 | D:7      | Noticed a cyclops
  6302 | D:7      | Received a gift from Okawaru
  6313 | D:7      | Killed a cyclops
  6313 | D:7      | Reached ***** piety under Okawaru
  6612 | D:7      | Reached skill level 10 in Fighting
  7380 | D:8      | Reached skill level 5 in Shields
  7409 | D:8      | Found a shimmering altar of Xom.
  7686 | D:9      | Noticed a two-headed ogre
  7694 | D:9      | Killed a two-headed ogre
  7694 | D:9      | Identified the +7 long sword "Fepnazil" {pain, Str+2}
                  | (Okawaru gifted it to you on level 9 of the Dungeon)
  7694 | D:9      | Received a gift from Okawaru
  7695 | D:9      | Reached XP level 11. HP: 30/99 MP: 18/18
  8470 | D:9      | Identified 2 scrolls of acquirement
  8471 | D:9      | Acquired the ring of Acraydd {rPois Int+4 Slay+5}
  8478 | D:9      | Acquired a +0 pair of boots of flying
  8577 | D:10     | Noticed a two-headed ogre
  8586 | D:10     | Killed a two-headed ogre
  8689 | D:10     | Found a staircase to the Lair.
  8689 | D:10     | Noticed a seven-headed hydra
  9028 | D:10     | Noticed Maurice
  9033 | D:10     | Killed Maurice
  9094 | D:10     | Got the Guide on Enchanting Heat
  9305 | D:11     | Noticed a four-headed hydra
  9315 | D:11     | Killed a four-headed hydra
  9610 | D:11     | Noticed Sonja
  9610 | D:11     | Noticed a two-headed ogre
  9613 | D:11     | Killed Sonja
  9613 | D:11     | Received a gift from Okawaru
  9619 | D:11     | Killed a two-headed ogre
  9689 | D:11     | Reached skill level 10 in Long Blades
 10233 | D:12     | Noticed a two-headed ogre
 10238 | D:12     | Killed a two-headed ogre
 10252 | D:12     | Reached skill level 10 in Shields
 10280 | D:12     | Found a frozen archway.
 10303 | D:12     | Noticed a cyclops
 10315 | D:12     | Slain by a two-headed ogre simulacrum

Illustrated notes

Levels and vault maps discovered:
D:1:      psy_arrival_spokes, layout_loops_ring, chequers_ecumenical_altar_grove
D:2:      layout_rooms, basic_altar, uniq_terence
D:3:      layout_loops_cross
D:4:      layout_basic, minmay_temple_entry_sparse_star, serial_shops,
          shop_statue, minmay_mini_ossuary
D:5:      layout_cave_pods
D:6:      layout_rooms, serial_shops, kennysheep_mini, gammafunk_ghost_hive,
          portal_sewer_entry_a
D:7:      layout_rooms, minmay_between
D:8:      layout_rooms, mainiacjoe_overflow_tiny_flanked, serial_shops,
          nicolae_shop_trees, uniq_joseph
D:9:      layout_stronghold, grunt_decor_cap
D:10:     layout_rooms, lair_entry_dummy, uniq_maurice
D:11:     layout_stronghold, uniq_sonja
D:12:     minmay_the_grid_octo_triangle [minmay_the_grid_octo_vomiting_pacman,
          minmay_the_grid_octo_prize_ultimate_mussel_roller,
          minmay_the_grid_octo_toaster], layout_stronghold,
          portal_ice_cave_entry_ice_simulacra
Temple:   mainiacjoe_temple_circle_huts

Skill      XL: |  1  2  3  4  5  6  7  8  9 10 11 |
---------------+----------------------------------+-----
Axes           | 3 4 6 7 8 9 11 | 11.0
Shields        | 4 6 10 | 10.0
Invocations    | 3 6 10 | 10.0
Fighting       | 8 10 | 10.0
Long Blades    | 5 8 10 | 10.4
Armour         | |  3.2

Action                   |  1- 3 |  4- 6 |  7- 9 | 10-12 || total
-------------------------+-------+-------+-------+-------++-------
Melee: War axe           |   129 |   146 |       |       ||   275
       Hand axe          |       |    27 |   217 |   117 ||   361
       Double sword      |       |       |       |    85 ||    85
       Spear             |       |       |       |    15 ||    15
Throw: Boomerang         |       |       |     4 |       ||     4
       Dart              |       |       |       |     6 ||     6
       Javelin           |       |       |       |     4 ||     4
Invok: Heroism           |       |       |     5 |     2 ||     7
  Use: Scroll            |       |       |    11 |     6 ||    17
Armor: Scale mail        |    58 |    77 |    77 |    87 ||   299
Dodge: Dodged            |    56 |    55 |   101 |    73 ||   285
Block: Buckler           |    31 |    30 |    51 |    35 ||   147

Table legend: (Time is in decaauts)
 A = Elapsed time spent in this place.
 B = Non-inter-level travel time spent in this place.
 C = Inter-level travel time spent in this place.
 D = Time resting spent in this place.
 E = Time spent auto-exploring this place.
 F = Levels seen in this place.
 G = Mean time per level.
                   A        B        C        D        E       F      G
               +--------+--------+--------+--------+--------+-----+--------+
         Total |  10333 |   9561 |    772 |    531 |   6727 |  14 |  738.1 |
       Dungeon |   9849 |   9098 |    751 |    531 |   6395 |  12 |  820.8 |
        Temple |    222 |    201 |     21 |      0 |    172 |   1 |  222.0 |
         Sewer |    261 |    261 |      0 |      0 |    160 |   1 |  261.0 |
               +--------+--------+--------+--------+--------+-----+--------+

Top non-repeatable levels by time:
     D:1: 1345 daAuts
     D:9: 1281 daAuts
     D:7: 1079 daAuts
    D:11: 1071 daAuts
     D:2: 1036 daAuts
     D:8: 870 daAuts
     D:5: 778 daAuts
     D:6: 597 daAuts
    D:10: 578 daAuts
     D:3: 569 daAuts
     D:4: 539 daAuts
   Sewer: 261 daAuts
  Temple: 222 daAuts
    D:12: 101 daAuts
